 Dungeon Sprint DCSS version 0.31-a0-1-g4198be8af4 (webtiles) character file.

Game seed: 6125119699922867395

368 Pestilence the Frost Mage (level 6, -2/41 HPs)
             Began as a Demonspawn Ice Elementalist on May 3, 2023.
             Was an Initiate of Sif Muna.
             Slain by a hornet (12 damage)
             ... in the Dungeon (Sprint IX: "|||||||||||||||||||||||||||||").
             The game lasted 00:03:13 (658 turns).

Pestilence the Frost Mage (DsIE)                     Turns: 658, Time: 00:03:14

Health: -2/41      AC:  4    Str: 12    XL:     6   Next: 41%
Magic:  16/16      EV: 15    Int: 18    God:    Sif Muna [......]
Gold:   0          SH:  0    Dex: 13    Spells: 13/20 levels left

rFire   . . .        j - +4 quarterstaff (speed)
rCold   . . .        (shield currently unavailable)
rNeg    . . .        a - +0 robe
rPois   .            (helmet restricted)
rElec   .            (no cloak)
rCorr   .            (no gloves)
SInv    .            (no boots)
Will    .....        (no amulet)
Stlth   ++           k - +3 ring of strength
HPRegen 0.26/turn    l - +2 ring of protection
MPRegen 0.15/turn

%: no teleportation
@: hasted, invisible, very quick
A: horns 2, demonic magic 1, weakness stinger 1
a: Renounce Religion


You were in the Dungeon.
You worshipped Sif Muna.
Sif Muna was noncommittal.
You visited 1 branch

Inventory:

Hand Weapons
 j - a +4 quarterstaff of speed (weapon)
Armour
 a - a +0 robe (worn)
Jewellery
 k - a +3 ring of strength (left hand)
 l - a +2 ring of protection (right hand)
Wands
 i - a wand of roots (6)
Scrolls
 h - 2 scrolls of amnesia
Potions
 b - 3 potions of magic


   Skills:
 + Level 7.5 Dodging
 - Level 1.7 Stealth
 + Level 7.6 Spellcasting
 + Level 8.2 Ice Magic


You had 13 spell levels left.
You knew the following spells:

 Your Spells              Type           Power      Damage    Failure   Level
a - Freeze                Ice            100%       1d10      1%          1
b - Frozen Ramparts       Ice            72%        1d11      1%          3
c - Ozocubu's Armour      Ice            36%        N/A       1%          3

Your spell library contained the following spells:

 Spells                   Type           Power      Damage    Failure   Level
 Summon Ice Beast         Ice/Summ       21%        N/A       19%         4


Dungeon Overview and Level Annotations

Branches:
Dungeon (1/1)

Altars:
Cheibriados
Dithmenos
Fedhas
Gozag
Hepliaklqana
Kikubaaqudgha
Makhleb
Nemelex Xobeh
Okawaru
Qazlal
Ru
Sif Muna
Trog
Uskayaw
Vehumet
Wu Jian
Xom
Yredelemnul
Jiyva
Lugonu


Innate Abilities, Weirdness & Mutations

You have a pair of horns on your head.
Spells you cast may paralyse adjacent enemies.
You have a small tail.


Message History

You close the door.
A vampire opens the door.
The shadow slips into darkness.
The shadow flickers and vanishes!
The vampire gestures at you while chanting.
You are confused.
There is a staircase leading out of the dungeon here.
You fade into invisibility!
You feel yourself speed up.
You bump into the unnaturally hard rock wall.
You bump into the unnaturally hard rock wall.
The vampire barely misses you. The vampire bites you.
The vampire draws strength from your injuries!
Okay, then.
You hit the vampire.
You headbutt the vampire, but do no damage.
The vampire is lightly damaged.
The vampire barely misses you. The vampire closely misses you.
You're too confused to move!
You barely miss the vampire. Your headbutt misses the vampire.
Your tail-slap misses the vampire.
The vampire is lightly damaged.
You feel less confused. The vampire misses you. The vampire closely misses you.
You closely miss the vampire. You headbutt the vampire!
The vampire is heavily damaged.
You hit the vampire.
Your tail-slap misses the vampire.
The vampire is heavily damaged.
The vampire barely misses you. The vampire bites you!
* * * LOW HITPOINT WARNING * * *
The vampire draws strength from your injuries!
Okay, then.
Blink to where?
Press: ? - help, Dir - move target
As you read the scroll of blinking, it crumbles to dust.
The hornet buzzes angrily.
You see here a +0 hand axe.
There is a broken door, spattered with blood here.
The hornet stings you!
You die...

▓V▓
▓'▓
▓{▓
▓.▓
▓.▓
▓.▓
▓)▓
▓'▓
▓@▓
▓y▓
▓.▓
▓.▓
▓.▓
▓z▓
▓_▓
▓_▓
▓_▓


You could see a hornet (unable to see you) and a wight (wandering, unable to see
you).

Vanquished Creatures
  A troll (D)
  A centaur (D)
  2 iguanas (D)
  An adder (D)
  A worm (D)
  An orc (D)
  2 endoplasms (D)
  3 bats (D)
12 creatures vanquished.

Notes
Turn   | Place    | Note
-------+----------+-------------------------------------------
     0 | D        | Pestilence the Demonspawn Ice Elementalist began the quest
                  | for the Orb.
     0 | D        | Reached XP level 1. HP: 13/13 MP: 3/3
    55 | D        | Reached skill level 4 in Ice Magic
    98 | D        | Noticed an iguana
    98 | D        | Noticed an iguana
   102 | D        | Killed an iguana
   103 | D        | Discovered your monstrous ancestry.
   103 | D        | Gained mutation: You have a pair of small horns on your
                  | head. [demonic ancestry]
   103 | D        | Reached XP level 2. HP: 11/19 MP: 1/6
   103 | D        | Reached XP level 3. HP: 14/24 MP: 1/8
   334 | D        | Learned a level 3 spell: Frozen Ramparts
   339 | D        | Reached skill level 5 in Ice Magic
   348 | D        | Gained mutation: You have a small tail. [demonic ancestry]
   348 | D        | Reached XP level 4. HP: 17/30 MP: 5/10
   505 | D        | Found a snail-covered altar of Cheibriados.
   505 | D        | Found a shadowy altar of Dithmenos.
   505 | D        | Found a blossoming altar of Fedhas.
   505 | D        | Found an opulent altar of Gozag.
   506 | D        | Found a hazy altar of Hepliaklqana.
   507 | D        | Found a viscous altar of Jiyva.
   508 | D        | Found an ancient bone altar of Kikubaaqudgha.
   509 | D        | Found a corrupted altar of Lugonu.
   510 | D        | Found a burning altar of Makhleb.
   511 | D        | Found a sparkling altar of Nemelex Xobeh.
   512 | D        | Found an iron altar of Okawaru.
   513 | D        | Found a stormy altar of Qazlal.
   514 | D        | Found a sacrificial altar of Ru.
   515 | D        | Found a shimmering blue altar of Sif Muna.
   516 | D        | Found a bloodstained altar of Trog.
   517 | D        | Found a hide-covered altar of Uskayaw.
   518 | D        | Found a radiant altar of Vehumet.
   519 | D        | Found an ornate altar of the Wu Jian Council.
   520 | D        | Found a shimmering altar of Xom.
   521 | D        | Found a basalt altar of Yredelemnul.
   523 | D        | Became a worshipper of Sif Muna the Loreminder
   558 | D        | Learned a level 3 spell: Ozocubu's Armour
   559 | D        | Noticed a vampire
   559 | D        | Noticed a troll
   559 | D        | Noticed a centaur
   559 | D        | Noticed a shadow
   559 | D        | Noticed a hornet
   567 | D        | Killed a centaur
   568 | D        | Reached skill level 5 in Dodging
   568 | D        | Reached skill level 5 in Spellcasting
   568 | D        | Reached skill level 6 in Ice Magic
   568 | D        | Gained mutation: You have a pair of horns on your head.
                  | [demonic ancestry]
   568 | D        | Reached XP level 5. HP: 20/35 MP: 4/13
   574 | D        | Killed a troll
   575 | D        | Reached skill level 8 in Ice Magic
   575 | D        | Gained mutation: Spells you cast may paralyse adjacent
                  | enemies. [demonic ancestry]
   575 | D        | Reached XP level 6. HP: 15/41 MP: 2/16
   590 | D        | HP: 2/41 [something (3)]
   658 | D        | Slain by a hornet

Illustrated notes

Levels and vault maps discovered:
D:        linesprint [early_d, line_temple, items_1, d_10, items_2, lair_1,
          lair_end, items_3, orc_1, orc_end, items_4, d_15, swamp_1, shoals_1,
          snake_1, spider_1, d_20, vaults_1, items_5, swamp_end, shoals_end,
          snake_end, spider_end, vaults_end, d_27, items_6, zot_1, zot_end,
          crypt_end, forest_end, elf_end, slime_end, tomb_end, abyss_end,
          pan_hell_end]

Skill      XL: |  1  2  3  4  5 |
---------------+----------------+-----
Dodging        | 3 4 5 7 |  7.5
Ice Magic      | 4 5 6 8 |  8.2
Spellcasting   | 3 4 5 7 |  7.6
Stealth        | |  1.7

Action                     |  1- 3 |  4- 6 || total
---------------------------+-------+-------++-------
  Melee: Unarmed           |    52 |       ||    52
         Punch             |     2 |       ||     2
         Quarterstaff      |       |    11 ||    11
         Tailslap          |       |     2 ||     2
         Headbutt          |       |     3 ||     3
   Cast: Freeze            |    10 |     1 ||    11
         Frozen Ramparts   |     1 |     3 ||     4
         Ozocubu's Armour  |       |     2 ||     2
  Evoke: Wand              |       |     4 ||     4
    Use: Potion            |     2 |    11 ||    13
         Scroll            |       |     2 ||     2
 Armour: Robe              |    27 |    11 ||    38
  Dodge: Dodged            |    50 |    21 ||    71

Table legend: (Time is in decaauts)
 A = Elapsed time spent in this place.
 B = Non-inter-level travel time spent in this place.
 C = Inter-level travel time spent in this place.
 D = Time resting spent in this place.
 E = Time spent auto-exploring this place.
 F = Levels seen in this place.
 G = Mean time per level.
                   A        B        C        D        E       F      G
               +--------+--------+--------+--------+--------+-----+--------+
         Total |    661 |    661 |      0 |    412 |      3 |   1 |  661.0 |
       Dungeon |    661 |    661 |      0 |    412 |      3 |   1 |  661.0 |
               +--------+--------+--------+--------+--------+-----+--------+

Top non-repeatable levels by time:
       D: 661 daAuts
